 Dungeon Crawl Stone Soup version 0.28-a0-537-g3bccd9ccbf (webtiles) character file.

Game seed: 3242413889530899196

10259 shoop the Slicer (level 11, -6/53 HPs)
             Began as a Vine Stalker Hedge Wizard on Sept 27, 2021.
             Was an Elder of Sif Muna.
             Killed from afar by an orc wizard (11 damage)
             ... with a magic dart
             ... on level 1 of the Orcish Mines.
             The game lasted 00:43:15 (14313 turns).

shoop the Slicer (Vine Stalker Hedge Wizard)       Turns: 14313, Time: 00:43:15

Health: -6/53      AC:  6    Str: 12    XL:     11   Next: 59%
Magic:  0/19       EV: 17    Int: 17    God:    Sif Muna [****..]
Gold:   890        SH:  5    Dex: 21    Spells: 14/20 levels left

rFire   + . .      SeeInvis .   a - +0 short sword (venom)
rCold   + . .      Faith    +   Z - +0 buckler
rNeg    . . .      Spirit   +   M - +1 leather armour {rPois}
rPois   +          Reflect  .   m - +0 helmet
rElec   .          Harm     .   Y - scarf {rC+ rF+}
rCorr   .          Rampage  .   (no gloves)
Will    +....                   B - +0 pair of boots
Stlth   ++++......              N - amulet of faith
HPRegen 1.17/turn               L - +6 ring of dexterity
MPRegen 0.16/turn               n - +4 ring of evasion

@: no status effects
A: fangs 3, regeneration 1, magic shield, antimagic bite, no potion heal 2
a: Renounce Religion, Channel Magic, Forget Spell, Divine Exegesis


You were on level 1 of the Orcish Mines.
You worshipped Sif Muna.
Sif Muna was greatly pleased with you.
You visited 3 branches of the dungeon, and saw 14 of its levels.
You also visited: Sewer.

You collected 890 gold pieces.

Inventory:

Hand Weapons
 a - a +0 short sword of venom (weapon)
 b - a +0 rapier of freezing
 o - a +0 whip of venom
 p - a +0 dagger
 U - the +5 flail of Plog {pain, Will+ Int+5}
   (You found it on level 10 of the Dungeon)

   In the hands of one skilled in necromantic magic, it inflicts extra damage on
   living creatures.
   Int:       It affects your intelligence (+5).
   Will:      It increases your willpower.
Missiles
 g - 56 poisoned darts (quivered)
 T - a curare-tipped dart
Armour
 c - a +0 hat
 m - a +0 helmet (worn)
 v - a +0 troll leather armour {Purgy}
 x - a +0 kite shield
 B - a +0 pair of boots (worn)
 G - a +0 robe
 M - a +1 leather armour of poison resistance (worn)
 R - the +2 buckler of Ajerox {rElec rC+ Will- Int+2}
   (You found it on level 9 of the Dungeon)

   Int:       It affects your intelligence (+2).
   rC:        It protects you from cold.
   rElec:     It insulates you from electricity.
   Will:      It decreases your willpower.
 Y - a scarf of resistance (worn)
 Z - a +0 buckler (worn)
Jewellery
 k - a ring of positive energy
 n - a +4 ring of evasion (right hand)
 C - a ring of flight
 H - an amulet of the acrobat
 L - a +6 ring of dexterity (left hand)
 N - an amulet of faith (around neck)
 V - a +4 ring of evasion
 X - a ring of resist corrosion
Wands
 t - a wand of flame (22)
 A - a wand of acid (13)
 D - a wand of iceblast (23)
 Q - a wand of digging (5)
 S - a wand of polymorph (7)
Scrolls
 d - a scroll of enchant weapon {unknown}
 e - 3 scrolls of noise {unknown}
 l - 5 scrolls of teleportation
 q - a scroll of vulnerability {unknown}
 s - 2 scrolls of magic mapping
 y - 3 scrolls of amnesia {unknown}
 E - a scroll of holy word
 F - 3 scrolls of enchant armour
 I - 2 scrolls of immolation
 K - 2 scrolls of blinking
 P - a scroll of fog
Potions
 f - 5 potions of haste {unknown}
 h - 2 potions of cancellation {unknown}
 i - 4 potions of degeneration {unknown}
 j - 3 potions of curing {unknown}
 r - 2 potions of lignification
 u - a potion of berserk rage
 w - 3 potions of attraction {unknown}
 z - a potion of ambrosia {unknown}
 J - 3 potions of flight
 O - a potion of magic {unknown}
 W - 2 potions of brilliance {unknown}


   Skills:
 - Level 4.0 Fighting
 - Level 8.0 Short Blades
 - Level 1.0 Throwing
 - Level 2.0 Armour
 - Level 4.0 Dodging
 - Level 7.0 Stealth
 + Level 2.2 Shields
 - Level 5.0 Spellcasting
 - Level 5.0 Conjurations
 - Level 1.0 Summonings
 - Level 3.0 Translocations
 - Level 5.0 Air Magic
 - Level 5.0 Poison Magic
 - Level 7.0 Invocations
 - Level 3.0 Evocations


You had 14 spell levels left.
You knew the following spells:

 Your Spells              Type           Power      Damage    Failure   Level
a - Magic Dart            Conj           84%        1d7       3%          1
b - Blink                 Tloc           N/A        N/A       10%         2
c - Mephitic Cloud        Conj/Pois/Air  21%        N/A       9%          3

Your spell library contained the following spells:

 Spells                   Type           Power      Damage    Failure   Level
 Call Imp                 Summ           7%         N/A       22%         2
 Conjure Flame            Conj/Fire      12%        6-21      24%         3
 Slow                     Hex            4%         N/A       34%         2


Dungeon Overview and Level Annotations

Branches:
Dungeon (12/15)            Temple (1/1) D:5            Lair (0/6) D:8
    Orc (1/2) D:10          Sewer (visited)

Altars:
Ashenzari
Cheibriados
Dithmenos
Elyvilon
Fedhas
Gozag
Hepliaklqana
Kikubaaqudgha
Makhleb
Nemelex Xobeh
Okawaru
Qazlal
Ru
Sif Muna
Trog
Uskayaw
Vehumet
Wu Jian
Xom
Yredelemnul
Zin
The Shining One

Annotations:
D:11 exclusion: ugly thing


Innate Abilities, Weirdness & Mutations

You have razor-sharp teeth.
Your natural rate of healing is unusually fast.
When hurt, damage is shared between your health and your magic reserves.
Your bite disrupts and absorbs the magic of your enemies.
Potions cannot restore your health.


Message History

You hit the orc warrior but do no damage.
The orc warrior looks as sick as possible!
The orc warrior is almost dead.
The orc warrior is engulfed in noxious fumes.
The orc warrior appears confused.
The orc warrior closely misses you.
You hit the orc warrior.
You kill the orc warrior!
Sif Muna accepts your kill.
Something misses the troll.
Casting: Mephitic Cloud (dangerous; 9% risk of failure)
Confirm with . or Enter, or press ? or * to list all spells.
Aiming: Mephitic Cloud (dangerous; 9% risk of failure)
Press: ? - help, Shift-Dir - straight line, f - troll
Aim: a troll (noxious fumes, chance to affect: 67%)
Okay, then.
The troll is engulfed in noxious fumes.
You hit the troll.
The troll is poisoned.
You bite the troll, but do no damage.
The troll is lightly wounded.
The troll misses you. The troll claws you! x2
* * * LOW HITPOINT WARNING * * *
Unknown command.
Blink to where?
Press: ? - help, Dir - move target
As you read the scroll of blinking, it crumbles to dust.
Something hits the troll.
An orc comes into view. It is wielding a +0 whip.
Something closely misses the troll.
The orc wizard casts a spell.
The orc wizard flickers and vanishes!
An orc warrior comes into view.
It is wielding a +2 vampiric long sword.
The orc warrior shouts!
You hear a shout!
An ogre comes into view. It is wielding a +0 giant club.
Found 30 gold pieces.
An orc comes into view. It is wielding a +0 mace.
Found 17 gold pieces.
Found a stone staircase leading down.
The orc warrior hits you with a +2 vampiric long sword!
* * * LOW HITPOINT WARNING * * *
A magic dart appears from out of thin air!
The magic dart hits you!
You die...

#...........>...$..
o.....o...........
##...$..$.o........
#...$............##
#.....#.........#.##
###....##.O.........##.#
##......#...o...........o
#...........o@.#.<...#
##......$....####....#
#..$.....#..## ......o..
###.$.........#......##.#
##.##...T..##.###..#..# #
#.)†.....{.#### #......
##{.).......# ##.#..#.
#.......>....# ###...#.
##.............


You could see an orc sorcerer, an orc warrior, an ogre and 2 orcs.

Vanquished Creatures
  A boulder beetle (D:7)
  A centaur warrior (D:10)
  2 two-headed ogres
  A kobold demonologist (D:9)
  2 trolls
  Prince Ribbit (D:9)
  A wraith (D:7)
  7 yaks
  2 steam dragons
  3 water moccasins
  9 orc warriors
  Purgy (Sewer)
  An ice beast (D:5)
  2 sky beasts (D:7)
  2 black bears (D:8)
  A necrophage (D:7)
  An ogre (D:4)
  A centaur (D:9)
  A phantom (D:7)
  5 bullfrogs
  2 kobold brigands
  A gnoll sergeant (D:9)
  A scorpion (D:8)
  A water moccasin skeleton (D:5)
  5 killer bees (D:9)
  4 wights (D:9)
  5 electric eels (D:10)
  5 howler monkeys
  5 centaur zombies
  A bullfrog zombie (D:5)
  A bullfrog skeleton (D:6)
  3 jellies
  2 centaur skeletons
  4 orc priests
  A gnoll shaman (D:7)
  3 iguanas
  8 orc wizards
  A hound zombie (D:5)
  2 hound skeletons
  Robin (D:4)
  2 howler monkey zombies
  12 gnolls
  2 river rats (D:4)
  15 adders
  A white imp (D:5)
  2 ufetubi (D:5)
  7 worms
  2 dart slugs
  31 orcs
  11 bats
  10 endoplasms
  4 giant cockroaches
  14 goblins
  6 hobgoblins
  A quokka (D:1)
  7 ball pythons
  5 frilled lizards
  17 kobolds
  5 rats
255 creatures vanquished.

Vanquished Creatures (others)
  An orc wizard (D:7)
  14 fungi (D:8)
  27 plants
42 creatures vanquished.

Grand Total: 297 creatures vanquished

Notes
Turn   | Place    | Note
-------+----------+-------------------------------------------
     0 | D:1      | shoop the Vine Stalker Hedge Wizard began the quest for the
                  | Orb.
     0 | D:1      | Reached XP level 1. HP: 9/9 MP: 5/5
    80 | D:1      | Reached skill level 1 in Short Blades
   143 | D:1      | Reached XP level 2. HP: 13/13 MP: 0/7
   161 | D:1      | Learned a level 2 spell: Blink
   542 | D:1      | Reached skill level 2 in Short Blades
   889 | D:1      | Reached XP level 3. HP: 10/16 MP: 8/8
  1916 | D:2      | Found a faded altar of an unknown god.
  2823 | D:3      | Gained mutation: Your natural rate of healing is unusually
                  | fast. [Vine Stalker growth]
  2823 | D:3      | Reached XP level 4. HP: 19/21 MP: 3/9
  3015 | D:3      | Reached skill level 1 in Fighting
  3018 | D:3      | Reached skill level 1 in Throwing
  3299 | D:3      | Reached skill level 3 in Short Blades
  3303 | D:3      | Reached XP level 5. HP: 14/25 MP: 8/10
  3773 | D:3      | Reached skill level 4 in Short Blades
  4362 | D:4      | Noticed a necrophage
  4428 | D:4      | Noticed an ogre
  4445 | D:4      | Found a stormy altar of Qazlal.
  4446 | D:4      | Noticed an air elemental
  4447 | D:4      | Noticed a fire elemental
  4448 | D:4      | Noticed a water elemental
  4501 | D:4      | Killed an ogre
  4502 | D:4      | Reached XP level 6. HP: 30/30 MP: 1/11
  4627 | D:4      | Noticed Robin
  4651 | D:4      | Found a shadowy altar of Dithmenos.
  4798 | D:4      | Reached skill level 1 in Evocations
  4894 | D:4      | Found a glowing drain.
  4899 | Sewer    | Entered a sewer
  5009 | Sewer    | Noticed Purgy
  5026 | Sewer    | Learned a level 3 spell: Mephitic Cloud
  5091 | Sewer    | Killed Purgy
  5092 | Sewer    | Reached skill level 1 in Air Magic
  5092 | Sewer    | Reached skill level 1 in Poison Magic
  5092 | Sewer    | Reached XP level 7. HP: 20/33 MP: 6/12
  5536 | D:4      | Killed Robin
  5742 | D:5      | Entered Level 5 of the Dungeon
  5901 | D:5      | Found a staircase to the Ecumenical Temple.
  5912 | Temple   | Entered the Ecumenical Temple
  5971 | Temple   | Became a worshipper of Sif Muna the Loreminder
  6012 | D:5      | Found an ornate altar of the Wu Jian Council.
  6012 | D:5      | Found a glowing golden altar of the Shining One.
  6013 | D:5      | Found an opulent altar of Gozag.
  6013 | D:5      | Found a bloodstained altar of Trog.
  6030 | D:5      | Reached skill level 1 in Armour
  6542 | D:5      | Gained mutation: You have razor-sharp teeth. [Vine Stalker
                  | growth]
  6542 | D:5      | Reached XP level 8. HP: 37/37 MP: 13/13
  8263 | D:7      | Reached * piety under Sif Muna
  8299 | D:7      | Found a shimmering altar of Xom.
  8299 | D:7      | Noticed a wraith
  8429 | D:7      | Reached skill level 1 in Invocations
  8480 | D:7      | Reached XP level 9. HP: 41/41 MP: 13/16
  8985 | D:7      | Reached skill level 5 in Spellcasting
  9108 | D:7      | Noticed a boulder beetle
  9266 | D:8      | Reached skill level 5 in Conjurations
  9266 | D:8      | Reached skill level 5 in Air Magic
  9266 | D:8      | Reached skill level 5 in Poison Magic
  9595 | D:8      | Reached ** piety under Sif Muna
  9656 | D:8      | Reached skill level 5 in Invocations
  9680 | D:8      | Found a hazy altar of Hepliaklqana.
  9761 | D:8      | Found a staircase to the Lair.
 10121 | D:9      | Reached XP level 10. HP: 44/46 MP: 16/18
 10197 | D:9      | Reached skill level 5 in Stealth
 10236 | D:9      | Noticed a two-headed ogre
 10342 | D:9      | Noticed a kobold demonologist
 10480 | D:9      | Noticed Prince Ribbit
 10494 | D:9      | Killed Prince Ribbit
 10838 | D:8      | Reached skill level 5 in Short Blades
 11063 | D:7      | Killed a boulder beetle
 11334 | D:9      | Reached *** piety under Sif Muna
 11354 | D:9      | Killed a two-headed ogre
 11355 | D:9      | Reached skill level 6 in Short Blades
 11803 | D:9      | Reached skill level 7 in Short Blades
 11870 | D:9      | Identified the +2 buckler of Ajerox {rElec rC+ Will- Int+2}
 11965 | D:9      | Killed a kobold demonologist
 12032 | D:10     | Entered Level 10 of the Dungeon
 12052 | D:10     | Noticed a centaur warrior
 12097 | D:10     | Reached skill level 8 in Short Blades
 12097 | D:10     | Reached XP level 11. HP: 53/53 MP: 19/19
 12165 | D:10     | Found a staircase to the Orcish Mines.
 12313 | D:10     | Found an ancient bone altar of Kikubaaqudgha.
 12436 | D:10     | Noticed a two-headed ogre
 12447 | D:10     | Killed a two-headed ogre
 12595 | D:10     | Identified the +5 flail of Plog {pain, Will+ Int+5}
 12678 | D:10     | Killed a centaur warrior
 12786 | D:10     | Reached **** piety under Sif Muna
 13936 | D:11     | Noticed a green ugly thing
 14071 | D:11     | Reached skill level 1 in Shields
 14190 | D:12     | Noticed a centaur warrior
 14282 | Orc:1    | Entered Level 1 of the Orcish Mines
 14282 | Orc:1    | Noticed an orc sorcerer
 14313 | Orc:1    | Killed from afar by an orc wizard

Illustrated notes

Levels and vault maps discovered:
D:1:      amcnicky_arrival_flooded_fountain, layout_loops_corners,
          chequers_jeans, minmay_cupped
D:2:      layout_loops_ring, dreamdust_ecumenical_altar_sealed_demon,
          kennysheep_cross_bottleneck
D:3:      layout_loops_corners, serial_glass, glass_columns_c, glass_columns_a,
          chequers_serial_rivers_room_b, grunt_ministairs_2, minivault_4,
          corner_web_ring, minmay_fountain_box, serial_park_tiny_2,
          dk_noncrumbling_2
D:4:      layout_gridville, grunt_dithmenos_smoke,
          nicolae_qazlal_style_of_elements, lightli_sewer_entry_pipes,
          minmay_misc_feat_pillars, hangedman_decor_peaks_small, uniq_robin
D:5:      layout_layer_cave, chequers_temple_overflow_statue_of_worship,
          minmay_temple_entry_junction, nicolae_zen_rock_garden
D:6:      layout_basic
D:7:      layout_gridville, minmay_ruined_shrine
D:8:      layout_loops_corners, nicolae_hepliaklqana_hazy_memory,
          grunt_lair_entry_orc_guard_hut
D:9:      layout_irregular_city, minmay_door_square, statue_in_the_mist_lemuel,
          grunt_decor_one_mirror, uniq_prince_ribbit1
D:10:     layout_basic, nicolae_kikubaaqudgha_miasma_corner, david_orc_2,
          serial_bayou_lake_a
D:11:     layout_loops_ring
D:12:     layout_long_grid, serial_shops, nicolae_square_shop,
          nicolae_trove_entry_diagonal
Temple:   nicolae_temple_great_sept
Orc:1:    cheibrodos_orc_arena, layout_caves, rock_pile, uniq_sonja

Skill      XL: |  1  2  3  4  5  6  7  8  9 10 11 |
---------------+----------------------------------+-----
Short Blades   | 1 2 3 4 8 |  8.0
Fighting       | 1 2 4 |  4.0
Throwing       | 1 |  1.0
Translocations | 2 3 |  3.0
Stealth        | 4 5 7 |  7.0
Evocations     | 1 3 |  3.0
Air Magic      | 1 2 4 5 |  5.0
Poison Magic   | 1 2 4 5 |  5.0
Conjurations   | 3 4 5 |  5.0
Armour         | 1 2 |  2.0
Spellcasting   | 4 5 |  5.0
Invocations    | 1 5 7 |  7.0
Dodging        | 2 4 |  4.0
Shields        | 2 |  2.2
Summonings     | |  1.0

Action                   |  1- 3 |  4- 6 |  7- 9 | 10-12 || total
-------------------------+-------+-------+-------+-------++-------
Melee: Dagger            |    64 |    36 |     1 |       ||   101
       Bite              |    17 |    35 |   113 |   145 ||   310
       Short sword       |       |    81 |   389 |   261 ||   731
       Whip              |       |    10 |       |       ||    10
       Rapier            |       |       |    22 |    57 ||    79
Throw: Dart              |       |     7 |    18 |    50 ||    75
 Cast: Magic Dart        |   101 |    86 |    41 |    55 ||   283
       Blink             |       |     7 |     2 |     3 ||    12
       Mephitic Cloud    |       |       |     3 |    13 ||    16
Evoke: Wand              |       |       |     4 |     5 ||     9
  Use: Scroll            |       |       |     9 |     2 ||    11
 Stab: Sleeping          |     4 |     1 |    10 |     4 ||    19
       Confused          |       |       |     2 |     8 ||    10
Armor: Robe              |     6 |    22 |       |       ||    28
       Troll leather arm |       |       |    82 |       ||    82
       Leather armour    |       |       |    14 |    77 ||    91
Dodge: Dodged            |    33 |   101 |   304 |   245 ||   683
Block: Buckler           |       |       |       |    11 ||    11

Table legend: (Time is in decaauts)
 A = Elapsed time spent in this place.
 B = Non-inter-level travel time spent in this place.
 C = Inter-level travel time spent in this place.
 D = Time resting spent in this place.
 E = Time spent auto-exploring this place.
 F = Levels seen in this place.
 G = Mean time per level.
                   A        B        C        D        E       F      G
               +--------+--------+--------+--------+--------+-----+--------+
         Total |  14244 |  13640 |    604 |    403 |   9777 |  15 |  949.6 |
       Dungeon |  13888 |  13284 |    604 |    403 |   9630 |  12 | 1157.3 |
        Temple |     71 |     71 |      0 |      0 |      0 |   1 |   71.0 |
  Orcish Mines |     27 |     27 |      0 |      0 |      0 |   1 |   27.0 |
         Sewer |    256 |    256 |      0 |      0 |    147 |   1 |  256.0 |
               +--------+--------+--------+--------+--------+-----+--------+

Top non-repeatable levels by time:
     D:3: 1785 daAuts
     D:9: 1410 daAuts
     D:1: 1394 daAuts
     D:2: 1265 daAuts
     D:5: 1251 daAuts
     D:6: 1226 daAuts
     D:7: 1200 daAuts
    D:10: 1130 daAuts
     D:8: 1102 daAuts
     D:4: 1051 daAuts
    D:11: 1025 daAuts
   Sewer: 256 daAuts
  Temple: 71 daAuts
    D:12: 44 daAuts
   Orc:1: 27 daAuts
